 Dungeon Crawl Stone Soup version 0.30-a0-587-gfd7c166f36 (webtiles) character file.

Game seed: 15322238118041319118

401 BlackLaughter the Conjurer (level 6, -5/22 (25) HPs)
             Began as a Felid Conjurer on Jan 4, 2023.
             Was an Initiate of Hepliaklqana.
             Slain by a wight
             ... wielding a +0 morningstar
              (6 damage)
             ... on level 4 of the Dungeon.
             The game lasted 00:25:06 (4108 turns).

BlackLaughter the Conjurer (Felid Conjurer)         Turns: 4108, Time: 00:25:07

HP:   -5/22 (25)    AC:  2    Str:  3    XL:     6   Next: 54%
MP:   8/13          EV: 18    Int: 21    God:    Hepliaklqana [......]
Gold: 179           SH:  5    Dex: 15    Spells: 12/13 levels left
                                        Lives: 0   Deaths: 1

rFire   . . .      SeeInvis +    (weapon unavailable)
rCold   + . .      Faith    .    (shield unavailable)
rNeg    . . .      Spirit   .    (body armour unavailable)
rPois   +          Reflect  +    (helmet unavailable)
rElec   .          Harm     .    (cloak unavailable)
rCorr   .          Rampage  .    (gloves unavailable)
Will    .....                    (boots unavailable)
Stlth   +++                      l - amulet of reflection
HPRegen 0.23/turn                j - ring of protection from cold
MPRegen 0.13/turn                a - ring of poison resistance

@: heavily drained, quick
A: very small, claws 1, fangs 3, see invisible, speed 1, shaggy fur 2, stealthy
paws, no weapons or thrown items, no armour, multi-lived
a: Renounce Religion


You were on level 4 of the Dungeon.
You worshipped Hepliaklqana.
Hepliaklqana was noncommittal.
You visited 2 branches of the dungeon, and saw 5 of its levels.

You collected 229 gold pieces.
You spent 50 gold pieces at shops.

Inventory:

Jewellery
 a - a ring of poison resistance (right paw)
 j - a ring of protection from cold (left paw)
 l - an amulet of reflection (around neck)
Wands
 m - a wand of quicksilver (5)
 q - a wand of roots (8)
Scrolls
 f - a scroll of amnesia {unknown}
 h - 2 scrolls of fog {unknown}
 i - 4 scrolls of teleportation {unknown}
 n - a scroll of fear {unknown}
 p - a scroll of torment {unknown}
Potions
 b - 2 potions of invisibility {unknown}
 c - 3 potions of attraction
 e - a potion of heal wounds
 g - a potion of lignification {unknown}
 k - 2 potions of curing {unknown}
 o - a potion of might {unknown}


   Skills:
 + Level 0.6 Fighting
 + Level 3.4 Dodging
 + Level 4.3 Stealth
 + Level 0.7 Unarmed Combat
 + Level 4.1 Spellcasting
 + Level 5.6 Conjurations


You had 12 spell levels left.
You knew the following spells:

 Your Spells              Type           Power      Damage    Failure   Level
a - Magic Dart            Conj           100%       1d8       1%          1

Your spell library contained the following spells:

 Spells                   Type           Power      Damage    Failure   Level
 Searing Ray              Conj           56%        2d6       1%          2
 Dazzling Flash           Conj/Hex       32%        N/A       11%         3
 Hailstorm                Conj/Ice       16%        3d6       11%         3
 Fulminant Prism          Conj/Hex       8%         3d7       36%         4
 Iskenderun's Mystic Bla  Conj/Tloc      16%        2d5       36%         4
 Ice Form                 Ice/Tmut       4%         N/A       75%         4
 Simulacrum               Ice/Necr       2%         N/A       100%        6


Dungeon Overview and Level Annotations

Branches:
Dungeon (4/15)             Temple (1/1) D:4

Altars:
Ashenzari
Dithmenos
Elyvilon
Gozag
Hepliaklqana
Kikubaaqudgha
Makhleb
Okawaru
Qazlal
Ru
Trog
Uskayaw
Wu Jian
Xom
Yredelemnul
Zin
The Shining One

Shops:
D:2 *   D:3 *

Annotations:
D:4 Opifex's ghost, weakling TrFi


Innate Abilities, Weirdness & Mutations

You have sharp claws.
You have razor-sharp teeth.
You have supernaturally acute eyesight. (SInv)
You cover ground quickly. (Speed+)
You are covered in thick fur. (AC +2)
Your paws help you pounce on unaware monsters.
You are incapable of wielding weapons or throwing items.
You cannot wear armour.
You gain extra lives every three experience levels.


Message History

The air fills with toxic fumes!
As you read the scroll labelled ULUEMOP NULYDGH, it crumbles to dust.
It was a scroll of poison.
Opifex's ghost says, "You can hit me, but you can't hurt me."
You open the gate.
Aiming: Magic Dart (safe; 1% risk of failure)
Press: ? - help, Q - select action, (/) - cycle Shift-Dir - straight line, f - wight
Aim: a wight, wielding a +0 morningstar and wearing a +0 robe (100% to hit)
The magic dart hits the wight.
The wight is moderately damaged.
The wight misses you.
Aiming: Magic Dart (safe; 1% risk of failure)
Press: ? - help, Q - select action, (/) - cycle Shift-Dir - straight line, f/p - wight
Aim: a wight, wielding a +0 morningstar and wearing a +0 robe (moderately damaged, 100% to hit)
The magic dart hits the wight.
The wight is severely damaged.
The wight closely misses you.
Aiming: Magic Dart (safe; 1% risk of failure)
Press: ? - help, Q - select action, (/) - cycle Shift-Dir - straight line, f/p - wight
Aim: a wight, wielding a +0 morningstar and wearing a +0 robe (severely damaged, 100% to hit)
The magic dart hits the wight but does no damage.
The wight is severely damaged.
The wight completely misses you.
Aiming: Magic Dart (safe; 1% risk of failure)
Press: ? - help, Q - select action, (/) - cycle Shift-Dir - straight line, f/p - wight
Aim: a wight, wielding a +0 morningstar and wearing a +0 robe (severely damaged, 100% to hit)
The magic dart hits the wight but does no damage.
The wight is severely damaged.
The wight hits you with a +0 morningstar.
You feel drained.
Aiming: Magic Dart (safe; 1% risk of failure)
Press: ? - help, Q - select action, (/) - cycle Shift-Dir - straight line, f/p - wight
Aim: a wight, wielding a +0 morningstar and wearing a +0 robe (severely damaged, 100% to hit)
The magic dart hits the wight but does no damage.
The wight is severely damaged.
The wight hits you with a +0 morningstar!
Ouch! That really hurt!
* * * LOW HITPOINT WARNING * * *
You feel drained.
You die...

#)# #...#.....
#####.## ###.###...
#§§§§..### #.......
#§#§##...####.####..
#§§§§..........# ##.
#☼§☼☼..........#####
#§§☼#########....# #
#§§☼#.......#..#.###
#§☼@#W......#..#....
#§§§zW....$.#..#.###
#§☼☼h.....(.#....# #
#§§☼'.......#..### #
#§§§#..!....#..# #
##§§#.......#..# #
#§§#########..# #
#§☼☼..........# #
#.............# #


You could see a black bear, a phantom, a wight and Opifex's ghost.

Vanquished Creatures
  3 ogres
  An orc priest (D:4)
  An iguana (D:4)
  An orc wizard (D:4)
  2 adders
  A gnoll (D:1)
  An ufetubus (D:4)
  4 worms
  2 dart slugs
  3 orcs (D:4)
  10 ball pythons
  4 endoplasms
  4 giant cockroaches
  10 goblins
  5 hobgoblins
  2 quokkas
  6 bats
  A frilled lizard (D:2)
  6 kobolds
  7 rats
74 creatures vanquished.

Vanquished Creatures (others)
  5 plants (D:3)
5 creatures vanquished.

Grand Total: 79 creatures vanquished

Notes
Turn   | Place    | Note
-------+----------+-------------------------------------------
     0 | D:1      | BlackLaughter the Felid Conjurer began the quest for the
                  | Orb.
     0 | D:1      | Reached XP level 1. HP: 7/7 MP: 4/4
   302 | D:1      | Reached XP level 2. HP: 5/11 MP: 0/6
   396 | D:1      | Reached skill level 4 in Conjurations
   866 | D:1      | Reached XP level 3. HP: 14/14 MP: 5/7
  1004 | D:2      | Found Opargh's General Store.
  1019 | D:2      | Bought a potion of heal wounds for 50 gold pieces
  1187 | D:2      | Found a faded altar of an unknown god.
  2028 | D:3      | Found Jum Hoo's Assorted Antiques.
  2070 | D:3      | Found a glowing silver altar of Zin.
  2071 | D:3      | Found a shadowy altar of Dithmenos.
  2196 | D:3      | Reached XP level 4. HP: 18/18 MP: 6/8
  2470 | D:3      | Found a glowing drain.
  2698 | D:3      | Noticed an ogre
  2708 | D:3      | Killed an ogre
  2708 | D:3      | Killed by an exploding ogre... ignited by their inner flame
  2709 | D:3      | Reached XP level 3. HP: -16/14 MP: 7/7
  2709 | D:3      | Reached XP level 4. HP: 18/18 MP: 7/9
  2815 | D:3      | Reached skill level 5 in Conjurations
  2971 | D:4      | Noticed an ogre
  2981 | D:4      | Killed an ogre
  2982 | D:4      | Reached XP level 5. HP: 21/21 MP: 4/11
  2987 | D:4      | Noticed an ogre
  2996 | D:4      | Killed an ogre
  2997 | D:4      | Gained mutation: You are covered in thick fur. (AC +2)
                  | [Felid growth]
  2997 | D:4      | Reached XP level 6. HP: 25/25 MP: 0/12
  3094 | D:4      | Found a runed translucent gate.
  3099 | D:4      | Found a runed translucent gate.
  3103 | D:4      | Found a runed translucent gate.
  3103 | D:4      | Noticed Opifex's ghost (weakling TrFi)
  3937 | D:4      | Found a staircase to the Ecumenical Temple.
  3953 | Temple   | Entered the Ecumenical Temple
  3983 | Temple   | Became a worshipper of Hepliaklqana the Forgotten
  4108 | D:4      | HP: 1/24 [wight/+0 morningstar (17)]
  4108 | D:4      | Slain by a wight

Illustrated notes

Levels and vault maps discovered:
D:1:      dpeg_arrival_stonehenge_8_columns, layout_loops_ring,
          chequers_serial_rivers_micro_b, dreamdust_wishing_well, minivault_11
D:2:      layout_basic, serial_shops, nicolae_shop_advertising_works
          [nicolae_subvault_shop_adworks], basic_ecumenical_altar
D:3:      layout_loops_ring, chequers_temple_overflow_statue_of_worship,
          serial_shops, shop, gup_sewer_entry_bowl, serial_bayou_pond_a,
          st_stairs_7
D:4:      layout_loops_ring, minmay_temple_entry_mist, gammafunk_ghost_split,
          grunt_decor_one_mirror, minmay_goblin_outpost
Temple:   hellmonk_temple_of_storms

Skill      XL: |  1  2  3  4  5  6 |
---------------+-------------------+-----
Conjurations   | 4 5 |  5.6
Stealth        | 3 4 |  4.3
Dodging        | 3 |  3.4
Spellcasting   | 3 4 |  4.1
Fighting       | |  0.6
Unarmed Combat | |  0.7

Action                   |  1- 3 |  4- 6 || total
-------------------------+-------+-------++-------
Melee: Unarmed           |     2 |    36 ||    38
       Bite              |     1 |     4 ||     5
 Cast: Magic Dart        |    87 |   112 ||   199
  Use: Scroll            |     5 |     6 ||    11
       Potion            |       |     2 ||     2
Armor: Skin              |       |     2 ||     2
Dodge: Dodged            |     2 |    42 ||    44
Block: Other             |       |     3 ||     3
       Reflection        |       |     2 ||     2

Table legend: (Time is in decaauts)
 A = Elapsed time spent in this place.
 B = Non-inter-level travel time spent in this place.
 C = Inter-level travel time spent in this place.
 D = Time resting spent in this place.
 E = Time spent auto-exploring this place.
 F = Levels seen in this place.
 G = Mean time per level.
                   A        B        C        D        E       F      G
               +--------+--------+--------+--------+--------+-----+--------+
         Total |   3652 |   3351 |    301 |    147 |   2758 |   5 |  730.4 |
       Dungeon |   3617 |   3347 |    270 |    147 |   2758 |   4 |  904.2 |
        Temple |     34 |      3 |     31 |      0 |      0 |   1 |   34.0 |
               +--------+--------+--------+--------+--------+-----+--------+

Top non-repeatable levels by time:
     D:3: 1037 daAuts
     D:4: 975 daAuts
     D:1: 818 daAuts
     D:2: 785 daAuts
  Temple: 34 daAuts
